Map: Proxima Station LE

Players

Bails

  • Race: Protoss Protoss
  • Spawn Location: 1:00

BLY - Winner!

  • Race: Zerg Zerg
  • Spawn Location: 7:00

Event: WCS Austin 2017

VOD

Have the link to the VOD?

Description

Time

  • Played on: April 28, 2017, 6:48 p.m.
  • Length: 18:16

All games in this series

Show
View Real Time Build Order
Export as new Build Order

Bails Protoss 

Build Orders: 1 Gate Expand, Dark Templar Rush 

Get SALT Encoding   

  12  0:00  Probe (Chrono Boost)  
  13  0:11  Probe (Chrono Boost)  
  14  0:17  Pylon  
  14  0:22  Probe (Chrono Boost)  
  15  0:36  Probe (Chrono Boost)  
  15  0:40  Gateway  
  16  0:46  Probe (Chrono Boost)  
  16  0:48  Assimilator  
  18  0:57  Probe (Chrono Boost)  
  18  1:07  Probe (Chrono Boost)  
  19  1:18  Probe (Chrono Boost)  
  20  1:29  Nexus  
  20  1:38  Cybernetics Core  
  20  1:41  Probe (Chrono Boost)  
  21  1:49  Assimilator  
  21  1:52  Probe (Chrono Boost)  
  22  2:02  Probe (Chrono Boost)  
  22  2:05  Pylon  
  23  2:12  Warp Gate  
  23  2:19  Adept  
  23  2:24  Probe (Chrono Boost)  
  23  2:25  Twilight Council  
  26  2:36  Probe (Chrono Boost)  
  27  2:42  Stalker  
  27  2:43  Probe (Chrono Boost)  
  28  2:49  Probe (Chrono Boost)  
  31  2:53  Probe (Chrono Boost)  
  32  3:01  Probe (Chrono Boost)  
  32  3:04  Dark Shrine  
  33  3:08  Probe (Chrono Boost)  
  34  3:13  Gateway  
  34  3:19  Probe (Chrono Boost)  
  35  3:20  Gateway  
  35  3:21  Adept  
  37  3:27  Probe (Chrono Boost)  
  37  3:31  Probe (Chrono Boost)  
  39  3:36  Assimilator  
  39  3:40  Probe (Chrono Boost)  
  40  3:42  Pylon  
  42  3:49  Mothership Core (Chrono Boost)  
  42  3:51  Probe (Chrono Boost)  
  43  3:57  Pylon  
  43  4:01  Probe (Chrono Boost)  
  44  4:09  Probe (Chrono Boost)  
  45  4:12  Probe (Chrono Boost)  
  45  4:16  Dark Templar  
  45  4:17  Dark Templar  
  50  4:21  Probe (Chrono Boost)  
  50  4:23  Dark Templar  
  53  4:24  Probe (Chrono Boost)  
  54  4:31  Probe (Chrono Boost)  
  54  4:36  Nexus  
  55  4:42  Probe (Chrono Boost), Pylon  
  55  4:45  Probe (Chrono Boost)  
  57  4:49  Sentry, Adept  
  61  4:53  Probe (Chrono Boost)  
  61  4:55  Probe (Chrono Boost)  
  61  5:02  Nexus  
  61  5:03  Probe (Chrono Boost)  
  61  5:06  Probe (Chrono Boost)  
  61  5:14  Robotics Facility, Probe (Chrono Boost)  
  60  5:16  Probe (Chrono Boost)  
  60  5:19  Sentry x2  
  65  5:22  Pylon  
  65  5:24  Assimilator, Probe (Chrono Boost)  
  65  5:27  Probe (Chrono Boost)  
  67  5:35  Blink, Pylon, Probe (Chrono Boost)  
  68  5:39  Probe (Chrono Boost)  
  68  5:41  Sentry  
  71  5:45  Probe (Chrono Boost)  
  73  5:50  Probe (Chrono Boost)  
  73  5:53  Pylon  
  73  5:57  Probe (Chrono Boost), Immortal  
  74  6:00  Probe (Chrono Boost)  
  79  6:09  Probe (Chrono Boost), Pylon  
  79  6:10  Sentry  
  79  6:11  Forge, Sentry  
  83  6:12  Probe (Chrono Boost)  
  83  6:14  Probe (Chrono Boost)  
  84  6:21  Probe (Chrono Boost)  
  84  6:24  Probe (Chrono Boost), Pylon  
  86  6:27  Gateway x2  
  86  6:29  Sentry  
  86  6:31  Warp Prism  
  88  6:36  Protoss Ground Weapons Level 1  
  88  6:37  Pylon  
  88  6:39  Probe x2 (Chrono Boost)  
  93  6:40  Probe (Chrono Boost)  
  93  6:48  Gateway  
  93  6:50  Probe (Chrono Boost)  
  93  6:53  Gateway  
  94  6:55  Gateway  
  94  6:58  Gateway  
  94  6:59  Assimilator  
  94  7:01  Assimilator  
  94  7:05  Stalker x2  
  94  7:07  Observer  
  98  7:09  Stalker  
  98  7:15  Photon Cannon  
  101  7:21  Stargate x2  
  101  7:22  Probe x2 (Chrono Boost)  
  103  7:29  Adept x4  
  111  7:34  Pylon  
  111  7:44  Photon Cannon  
  111  7:54  Photon Cannon  
  111  7:55  Pylon  
  111  7:56  Stalker x4  
  111  7:58  Photon Cannon  
  119  8:01  Phoenix  
  119  8:02  Phoenix  
  121  8:12  Fleet Beacon  
  123  8:14  Observer, Resonating Glaives  
  124  8:23  Adept x2  
  124  8:24  Adept x4  
  136  8:29  Phoenix  
  138  8:37  Immortal  
  138  8:40  Phoenix  
  142  8:48  Pylon  
  144  8:52  Phoenix  
  146  8:58  Pylon  
  146  9:02  Pylon  
  146  9:03  Anion Pulse-Crystals  
  146  9:04  Pylon, Phoenix  
  148  9:13  Phoenix  
  148  9:20  Photon Cannon  
  148  9:22  Pylon  
  150  9:28  Nexus  
  150  9:29  Pylon  
  152  9:35  Phoenix  
  154  9:49  Templar Archives  
  152  10:01  Photon Cannon  
  152  10:02  Stalker x4  
  152  10:03  Photon Cannon  
  152  10:04  Photon Cannon  
  152  10:06  Photon Cannon  
  160  10:09  Photon Cannon  
  160  10:10  Stalker x2  
  160  10:11  Pylon, Stalker x2  
  168  10:19  Stalker x4  
  168  10:24  Robotics Facility  
  168  10:26  Psionic Storm, Pylon  
  168  10:27  Immortal  
  172  10:33  Adept x3  
  174  10:40  Probe (Chrono Boost)  
  174  10:42  Protoss Ground Weapons Level 2, Probe (Chrono Boost)  
  176  10:44  High Templar  
  176  10:45  High Templar  
  178  10:55  Probe (Chrono Boost)  
  179  11:05  Assimilator  
  179  11:06  High Templar  
  179  11:09  Assimilator  
  181  11:11  Immortal  
  181  11:13  Photon Cannon  
  181  11:16  Photon Cannon  
  181  11:17  Adept x4  
  193  11:23  Probe (Chrono Boost)  
  193  11:24  Probe (Chrono Boost)  
  181  11:30  Stalker x2  
  181  11:31  Stalker x2  
  185  11:34  Immortal  
  185  11:37  Probe (Chrono Boost)  
  185  11:38  Probe (Chrono Boost)  
  189  11:47  Stalker x2  
  189  11:48  Stalker x3  
  141  12:06  Stalker x4  
  141  12:07  Immortal  
  135  12:15  Probe (Chrono Boost)  
  133  12:16  Immortal, Probe (Chrono Boost)  
  133  12:22  Probe (Chrono Boost)  
  121  12:24  High Templar  
  121  12:25  High Templar, Zealot x2  
  129  12:32  High Templar  
  129  12:35  High Templar  
  133  12:42  Pylon  
  133  12:43  Stalker  
  135  12:51  Dark Templar  
  135  12:54  High Templar  
  140  12:59  Probe (Chrono Boost)  
  140  13:00  Probe (Chrono Boost)  
  140  13:01  Probe (Chrono Boost)  
  140  13:04  Probe (Chrono Boost)  
  142  13:06  Immortal  
  142  13:08  Warp Prism  
  148  13:16  High Templar x2  
  152  13:22  Archon  
  152  13:24  Carrier  
  158  13:32  Photon Cannon, Carrier  
  164  13:57  Pylon  
  162  14:03  Nexus  
  162  14:06  Adept x2  
  166  14:13  High Templar x2  
  170  14:17  Archon  
  170  14:18  Stalker x3  
  170  14:22  Pylon  
  176  14:31  Warp Prism  
  180  14:46  Carrier  
  180  14:49  Carrier  
  184  14:55  Photon Cannon  
  184  14:56  Photon Cannon  
  184  14:58  Assimilator  
  190  15:03  Assimilator  
  186  15:20  Stalker x4  
  153  15:37  High Templar  
  153  15:38  High Templar  
  151  15:47  Probe (Chrono Boost)  
  151  15:48  Archon  
  121  15:57  Adept x3  
  121  16:03  Adept x3  
  107  16:20  Probe (Chrono Boost)  
  107  16:23  Mothership Core (Chrono Boost)  
  109  16:28  Adept x7  
  123  16:41  Adept x2  
  127  16:51  High Templar x2  
  131  16:54  Adept x2  
  131  16:55  Phoenix  
  131  16:57  Phoenix  
  123  17:14  Pylon  
  123  17:15  High Templar x2, Pylon  
  133  17:17  Phoenix  
  135  17:23  Photon Cannon  
  135  17:25  Photon Cannon  
  135  17:26  Pylon  
  137  17:31  Stalker  
  137  17:35  Photon Cannon  
  139  17:39  Stalker x2  
  134  17:58  Stalker x3  
  134  17:59  Stalker x2  
  134  18:05  Archon  
  108  18:10  Stalker x3  
Show
View Real Time Build Order
Export as new Build Order

BLY Zerg - Winner!

Build Orders: Hatch First, Muta Ling Bane 

Get SALT Encoding   

  12  0:01  Drone  
  13  0:12  Overlord  
  13  0:18  Drone  
  14  0:31  Drone x2  
  17  0:35  Drone  
  17  0:51  Hatchery  
  17  0:56  Drone  
  17  0:59  Drone  
  18  1:05  Extractor  
  17  1:15  Spawning Pool  
  17  1:17  Drone  
  17  1:20  Drone  
  18  1:29  Drone  
  19  1:39  Overlord  
  19  2:02  Queen  
  19  2:03  Zergling x2  
  19  2:05  Drone, Queen  
  19  2:07  Metabolic Boost  
  25  2:11  Zergling x2  
  25  2:14  Drone  
  27  2:19  Drone  
  27  2:22  Drone  
  29  2:34  Drone x2  
  31  2:49  Hatchery  
  31  2:50  Drone x2  
  32  2:57  Overlord  
  32  3:05  Drone x3  
  34  3:11  Drone  
  35  3:15  Overlord  
  35  3:19  Drone  
  37  3:20  Drone x4  
  37  3:24  Overlord  
  40  3:28  Drone  
  41  3:36  Queen  
  43  3:41  Queen  
  43  3:43  Roach Warren  
  43  3:46  Overlord  
  44  3:53  Drone  
  44  3:55  Drone x4  
  49  3:58  Extractor  
  49  4:02  Zergling x6  
  51  4:03  Zergling x2  
  51  4:06  Overlord  
  52  4:25  Drone x4, Overlord  
  52  4:28  Lair  
  52  4:29  Roach x3  
  62  4:32  Spore Crawler  
  62  4:37  Roach x3  
  67  4:42  Spore Crawler  
  67  4:44  Roach  
  68  4:51  Roach x2  
  71  4:58  Drone x4  
  71  4:59  Drone  
  68  5:07  Drone x2  
  68  5:12  Spore Crawler  
  69  5:15  Drone x4  
  69  5:16  Drone  
  69  5:17  Overlord  
  72  5:22  Overlord  
  72  5:23  Extractor  
  71  5:32  Drone x2  
  73  5:37  Drone x2  
  73  5:38  Drone x5  
  73  5:40  Overseer  
  80  5:47  Drone x2  
  80  5:48  Drone x2  
  82  5:57  Drone x2  
  82  6:03  Drone x7  
  89  6:07  Extractor  
  89  6:08  Extractor  
  89  6:11  Tunneling Claws  
  87  6:12  Overseer  
  87  6:20  Drone x2  
  87  6:24  Overlord  
  87  6:25  Drone, Spire  
  89  6:27  Extractor  
  89  6:29  Overlord  
  89  6:32  Hatchery  
  87  6:39  Drone x2  
  89  6:41  Overlord x2  
  89  6:42  Overlord  
  89  6:58  Drone x3  
  89  6:59  Overlord  
  92  7:10  Drone x5  
  92  7:15  Zergling x16  
  105  7:22  Ravager x4  
  110  7:23  Ravager  
  110  7:24  Ravager, Hatchery  
  110  7:25  Ravager  
  110  7:26  Zergling x8  
  110  7:27  Roach x3  
  110  7:29  Glial Reconstitution  
  121  7:37  Baneling Nest  
  121  7:38  Mutalisk x3  
  121  7:43  Roach  
  128  7:44  Overlord  
  128  7:55  Zerg Flyer Weapons Level 1  
  128  7:57  Overlord  
  128  8:01  Hatchery  
  127  8:13  Mutalisk  
  127  8:14  Mutalisk x4, Evolution Chamber  
  127  8:15  Extractor  
  127  8:16  Overlord, Extractor  
  140  8:27  Overlord  
  140  8:35  Overlord  
  132  8:43  Hydralisk Den  
  127  8:48  Drone x2  
  127  8:49  Drone x4  
  127  8:53  Zerg Melee Weapons Level 1, Centrifical Hooks  
  127  8:55  Zergling x14  
  139  9:06  Drone  
  139  9:07  Spore Crawler  
  139  9:15  Muscular Augments, Hydralisk x5  
  139  9:16  Hydralisk x5  
  158  9:19  Infestation Pit  
  157  9:28  Drone  
  158  9:31  Hydralisk  
  158  9:32  Hydralisk x6  
  158  9:33  Hatchery  
  158  9:36  Drone  
  172  9:43  Overlord  
  172  9:50  Overlord x4  
  172  9:58  Overlord x2  
  171  10:02  Baneling x12  
  171  10:03  Baneling x9  
  171  10:13  Hydralisk x4  
  173  10:19  Hive  
  179  10:26  Zergling x14  
  181  10:42  Zergling x24  
  193  10:43  Zergling x2  
  192  10:51  Zergling x8  
  192  10:52  Zergling x4  
  192  10:53  Zerg Melee Weapons Level 2  
  192  10:55  Lurker Den  
  198  10:58  Baneling x6  
  198  11:07  Baneling  
  198  11:08  Baneling x16  
  182  11:34  Greater Spire  
  182  11:35  Adrenal Glands  
  182  11:36  Zergling x2  
  182  11:37  Zergling x28  
  197  11:45  Baneling  
  197  11:46  Baneling x17  
  171  12:05  Hydralisk x10  
  159  12:23  Zergling x28  
  159  12:24  Zergling x6  
  159  12:28  Drone x2  
  159  12:29  Drone  
  177  12:32  Overseer  
  177  12:33  Overseer  
  177  12:39  Baneling x2  
  177  12:43  Lurker x2  
  179  12:47  Corruptor x3  
  179  12:48  Corruptor x2  
  189  12:52  Corruptor  
  191  12:59  Baneling x3  
  191  13:00  Baneling x11  
  190  13:11  Baneling x6  
  187  13:13  Drone  
  187  13:14  Drone x5  
  187  13:19  Drone x2, Spore Crawler  
  193  13:32  Overseer  
  193  13:35  Brood Lord x3  
  199  13:42  Brood Lord, Spore Crawler x2  
  199  13:44  Brood Lord, Spore Crawler  
  199  13:45  Spore Crawler x2  
  198  13:49  Brood Lord  
  205  14:00  Spine Crawler  
  205  14:01  Spine Crawler  
  202  14:22  Zerg Melee Weapons Level 3  
  202  14:28  Zergling x6  
  191  14:55  Corruptor x2  
  191  14:56  Corruptor x2  
  183  15:26  Zergling x2  
  183  15:27  Zergling x40  
  185  15:40  Hydralisk x2  
  185  15:41  Hydralisk x7  
  177  15:59  Hydralisk x11  
  177  16:03  Overseer  
  134  16:31  Brood Lord x2  
  134  16:32  Brood Lord  
  140  16:34  Brood Lord  
  140  16:35  Corruptor  
  140  16:36  Corruptor x7  
  140  16:37  Zergling x20  
  168  16:45  Overseer x2  
  168  16:50  Hatchery  
  167  16:58  Zergling x16  
  167  16:59  Zergling x8, Hatchery  
  177  17:02  Extractor  
  177  17:05  Drone x3  
  177  17:06  Drone x3, Extractor  
  179  17:27  Baneling x17  
  179  17:30  Zergling x10  
  179  17:31  Zergling x10  
  179  17:36  Baneling x5  
Tags
 
Add a new tag
Caveats
  • Supply blocks, unpowered buildings, or Contaminate may cause inaccurate times.
  • Supply counts are checked every 10 seconds.